 Dungeon Crawl Stone Soup version 0.24-a0-639-gb70a11d811 (webtiles) character file.

Game seed: 12896579347199891126, levelgen mode: deterministic

354 Peloso the Shield-Bearer (level 6, 0/56 HPs)
             Began as a Minotaur Fighter on Sept 22, 2019.
             Killed by divine providence
             ... invoked by an orc priest
              (13 damage)
             ... on level 4 of the Dungeon.
             The game lasted 00:05:28 (3283 turns).

Peloso the Shield-Bearer (Minotaur Fighter)         Turns: 3283, Time: 00:05:37

Health: 0/56       AC: 13    Str: 21    XL:     6   Next: 35%
Magic:  0/5        EV:  4    Int:  5    God:
Gold:   171        SH: 11    Dex: 11    Spells: 5/5 levels left

rFire    . . .     SeeInvis .   a - +0 long sword
rCold    . . .     Gourm    .   c - +1 shield
rNeg     . . .     Faith    .   g - +0 plate armour
rPois    .         Spirit   +   (helmet restricted)
rElec    .         Reflect  .   s - +0 cloak
rCorr    .         Harm     .   (no gloves)
MR       .....                  (no boots)
Stlth    ..........             h - amulet of guardian spirit
HPRegen  0.18/turn              (no ring)
MPRegen  0.09/turn              (no ring)

@: no status effects
A: retaliatory headbutt, horns 2
a: no special abilities


You were on level 4 of the Dungeon.
You were not hungry.

You visited 1 branch of the dungeon, and saw 4 of its levels.

You collected 171 gold pieces.

Inventory:

Hand Weapons
 a - a +0 long sword (weapon)
Armour
 b - a +0 scale mail
 c - a +1 shield (worn)
 g - a +0 plate armour (worn)
 s - a +0 cloak (worn)
Jewellery
 h - an amulet of guardian spirit (around neck)
Scrolls
 d - a scroll of teleportation {unknown}
 i - a scroll of remove curse
 j - a scroll of magic mapping
 k - 2 scrolls of identify
 l - a scroll of blinking {unknown}
 p - 2 scrolls of fog
 q - 2 scrolls of amnesia {unknown}
 r - a scroll of immolation {unknown}
Potions
 e - 2 potions of curing
 m - 3 potions of mutation
 n - a potion of might
 o - 3 potions of heal wounds {unknown}
Comestibles
 f - 5 rations
 t - a chunk of flesh


   Skills:
 + Level 5.1 Fighting
 + Level 4.7 Long Blades
 + Level 4.9 Armour
 + Level 0.1 Dodging
 + Level 0.1 Stealth
 + Level 5.6 Shields


You had 5 spell levels left.
You didn't know any spells.
Your spell library was empty.

Dungeon Overview and Level Annotations

Branches:
Dungeon (4/15)
 Temple: D:4-7

Altars:
Cheibriados
Makhleb
Qazlal


Innate Abilities, Weirdness & Mutations

You reflexively headbutt those who attack you in melee.
You have a pair of horns on your head.


Message History

Pain shoots through your body!
Your shield and plate armour prevent you from hitting the orc priest.
Your headbutt misses the orc priest.
The orc priest is almost dead.
The orc priest hits you but does no damage.
You hit the orc priest.
The orc priest is almost dead.
The orc priest hits you but does no damage.
You hit the orc priest but do no damage.
The orc priest is almost dead.
The orc priest hits you with a +0 club.
* * * LOW HITPOINT WARNING * * *
You closely miss the orc priest.
The orc priest is almost dead.
The orc priest calls down the wrath of Beogh upon you.
Pain shoots through your body!
* * * LOW HITPOINT WARNING * * *
The orc priest mumbles some strange prayers to Beogh against you.
Beogh smites you!
You die...

#+#####
#########.<...#
..%....o@.###.#
.......####
....... .......
....... .?##...
# ##.. #..


You could see an orc priest.

Vanquished Creatures
  An ogre (D:3)
  Crazy Yiuf (D:2)
  An orc wizard (D:3)
  Jessica (D:2)
  Robin (D:3)
  4 gnolls (D:3)
  4 adders
  An ooze (D:1)
  A worm (D:3)
  2 dart slugs
  3 leopard geckos
  7 orcs
  2 giant cockroaches
  15 goblins
  14 hobgoblins
  3 jackals (D:1)
  12 kobolds
  2 bats
  2 frilled lizards (D:2)
  7 rats
84 creatures vanquished.

Notes
Turn   | Place    | Note
-------+----------+-------------------------------------------
     0 | D:1      | Peloso the Minotaur Fighter began the quest for the Orb.
     0 | D:1      | Reached XP level 1. HP: 19/19 MP: 0/0
   318 | D:1      | Reached XP level 2. HP: 23/27 MP: 1/1
   569 | D:1      | Reached XP level 3. HP: 34/34 MP: 2/2
  1237 | D:2      | Found a runed translucent door.
  1238 | D:2      | Noticed Crazy Yiuf
  1318 | D:2      | Noticed Jessica
  1334 | D:2      | Killed Jessica
  1334 | D:2      | Reached XP level 4. HP: 17/41 MP: 3/3
  1335 | D:2      | Found a snail-covered altar of Cheibriados.
  1335 | D:2      | Found a burning altar of Makhleb.
  1638 | D:2      | Found a stormy altar of Qazlal.
  1785 | D:2      | Killed Crazy Yiuf
  2240 | D:3      | Noticed an ogre
  2252 | D:3      | Killed an ogre
  2252 | D:3      | Reached skill level 5 in Fighting
  2252 | D:3      | Reached XP level 5. HP: 33/48 MP: 2/4
  2268 | D:3      | Reached skill level 5 in Shields
  2515 | D:3      | Reached XP level 6. HP: 56/56 MP: 5/5
  2819 | D:3      | Noticed Robin
  2835 | D:3      | Killed Robin
  3283 | D:4      | Killed from afar by an orc priest

Levels and vault maps discovered:
D:1:      dpeg_arrival_rooms_c, layout_loops_corners,
          chequers_serial_rivers_small_3
D:2:      layout_rooms, grunt_temple_overflow_open, uniq_crazy_yiuf_cottage,
          uniq_jessica
D:3:      layout_basic, minmay_bisected, uniq_robin
D:4:      layout_basic, nicolae_overflow_hidden_temple, first_ration,
          uniq_eustachio, uniq_menkaure

Skill      XL: |  1  2  3  4  5 |
---------------+----------------+-----
Fighting       | 4 5 |  5.1
Armour         | 4 |  4.9
Shields        | 4 5 |  5.6
Long Blades    | 3 4 |  4.7
Dodging        | |  0.1
Stealth        | |  0.1

Action                   |  1- 3 |  4- 6 || total
-------------------------+-------+-------++-------
Melee: Long sword        |    95 |   137 ||   232
       Headbutt          |    13 |    22 ||    35
  Use: Potion            |     1 |     3 ||     4
       Scroll            |       |     5 ||     5
  Eat: Chunk             |     1 |     3 ||     4
       Ration            |       |     1 ||     1
Armor: Plate armour      |    58 |    53 ||   111
       Scale mail        |     1 |       ||     1
Dodge: Dodged            |    14 |    15 ||    29
Block: Shield            |    46 |    77 ||   123
       Rpst.: Long sword |     3 |     4 ||     7

Table legend:
 A = Non-vault XP
 B = Vault XP
 C = Vault XP percentage of total XP
 D = Non-vault monster count
 E = Vault monster count
 F = Vault count percentage of total count
                 A         B        C        D         E       F
            +---------+---------+-------+---------+---------+-------
      Total |     396 |     110 |  21.7 |      72 |      12 |  14.3
            +---------+---------+-------+---------+---------+-------
        D:1 |      43 |       0 |   0.0 |      20 |       0 |   0.0
        D:2 |      48 |      77 |  61.6 |      14 |       2 |  12.5
        D:3 |     299 |      33 |   9.9 |      36 |      10 |  21.7
        D:4 |       6 |       0 |   0.0 |       2 |       0 |   0.0
            +---------+---------+-------+---------+---------+-------
